 Dungeon Crawl Stone Soup version 0.26-b1-32-g5d43845318 (webtiles) character file.

Game seed: 6742120993569798461

26 Borgoz the Skirmisher (level 3, 0/34 HPs)
             Began as a Gargoyle Berserker on Jan 11, 2021.
             Was a Follower of Trog.
             Slain by a human (1 damage)
             ... on level 2 of the Dungeon.
             The game lasted 00:01:24 (1268 turns).

Borgoz the Skirmisher (Gargoyle Berserker)          Turns: 1268, Time: 00:01:25

Health: 0/34       AC:  5    Str: 20    XL:     3   Next: 8%
Magic:  3/3        EV: 12    Int:  7    God:    Trog [*.....]
Gold:   73         SH:  0    Dex: 10    Spells: 2/2 levels left

rFire    + . .     SeeInvis .   a - +0 mace
rCold    + . .     Faith    .   (no shield)
rNeg     + . .     Spirit   .   b - +0 animal skin
rPois    ∞         Reflect  .   (no helmet)
rElec    +         Harm     .   f - scarf {rC+ rF+}
rCorr    .         Rampage  .   (no gloves)
Will     .....                  (no boots)
Stlth    ..........             (no amulet)
HPRegen  0.11/turn              (no ring)
MPRegen  0.08/turn              (no ring)

@: berserking, very quick
A: negative energy resistance 1, electricity resistance, unbreathing,
petrification resistance, miasma immunity, AC +3
a: Renounce Religion, Berserk


You were on level 2 of the Dungeon.
You worshipped Trog.
Trog was aware of your devotion.
You visited 1 branch of the dungeon, and saw 2 of its levels.

You collected 73 gold pieces.

Inventory:

Hand Weapons
 a - a +0 mace (weapon)
Armour
 b - a +0 animal skin (worn)
 f - a scarf of resistance (worn)
Scrolls
 c - 2 scrolls of teleportation {unknown}
 e - a scroll of remove curse
 h - a scroll of enchant armour {unknown}
Potions
 d - a potion of lignification
 g - a potion of berserk rage
 i - a potion of curing {unknown}


   Skills:
 + Level 3.5 Fighting
 * Level 3.4 Maces & Flails
 + Level 2.5 Armour
 * Level 2.0 Dodging


You had 2 spell levels left.
You didn't know any spells.
Your spell library was empty.

Dungeon Overview and Level Annotations

Branches:
Dungeon (2/15)

Altars:
Yredelemnul


Innate Abilities, Weirdness & Mutations

You are resistant to torment.
Your stone body is resilient. (AC +3)
You are immune to poison.
You resist negative energy. (rN+)
You are resistant to electric shocks. (rElec)
You can survive without breathing.
You are immune to petrification.
You are immune to miasma.


Message History

You barely miss the human.
The human is moderately wounded.
The human hits you! The human hits you.
* * * LOW HITPOINT WARNING * * *
You barely miss the human.
The human is moderately wounded.
The human hits you.
* * * LOW HITPOINT WARNING * * *
You hit the human.
The human is heavily wounded.
The human hits you.
* * * LOW HITPOINT WARNING * * *
Okay, then.
Okay, then.
A red film seems to cover your vision as you go berserk!
You feel yourself moving faster!
You feel mighty! The human misses you.
You thump the human!
The human is severely wounded.
The human hits you.
You die...

#...# #..# #..##
#...####..####....
#...##............
###...##.##.#####...
#......#.##<##.##...
#......#.##.##.##...
#####.......##.##.##...
#...#.###...##.##.##...
#._.#.@p#.#.##.##.##.#.
#...#.###.#.##.##.##.#.
#####.............##.#.
#.......###.........
#.(.....# ####.#####
######### #.# #.# ###


You could see a human.

Vanquished Creatures
  2 dart slugs (D:1)
  A leopard gecko (D:1)
  2 bats
  3 goblins
  3 hobgoblins (D:1)
  A kobold (D:1)
  A ball python (D:2)
  A frilled lizard (D:1)
  A kobold skeleton (D:2)
  6 rats (D:1)
21 creatures vanquished.

Notes
Turn   | Place    | Note
-------+----------+-------------------------------------------
     0 | D:1      | Borgoz the Gargoyle Berserker began the quest for the Orb.
     0 | D:1      | Reached XP level 1. HP: 14/14 MP: 1/1
   152 | D:1      | Reached XP level 2. HP: 19/19 MP: 2/2
  1145 | D:2      | Reached XP level 3. HP: 23/23 MP: 3/3
  1200 | D:2      | Found a runed translucent door.
  1201 | D:2      | Noticed a human
  1206 | D:2      | Found a basalt altar of Yredelemnul.
  1266 | D:2      | HP: 1/23 [human (4)]
  1268 | D:2      | Slain by a human

Illustrated notes

Levels and vault maps discovered:
D:1:      dpeg_arrival_leaves_temple_mockup, layout_basic, serial_glass,
          glass_columns_a, glass_columns_c, minmay_misc_feat_more_columns,
          chequers_serial_rivers_micro_a
D:2:      layout_basic, dk_yredelemnul_ordeal, uniq_terence, uniq_natasha

Skill      XL: |  1  2 |
---------------+-------+-----
Dodging        | 2 |  2.0
Fighting       | |  3.5
Maces & Flails | |  3.4
Armour         | |  2.5

Action                   || total
-------------------------++-------
Melee: Mace              ||    63
Invok: Berserk           ||     1
  Use: Scroll            ||     3
Armor: Animal skin       ||    17
Dodge: Dodged            ||    53
